 Dungeon Crawl Stone Soup version 0.30-a0-292-g0f741e3f8e (webtiles) character file.

Game seed: 5731872672320955368

67 Hubjo the Insei (level 3, -4/29 HPs)
             Began as a Demonspawn Reaver on Oct 17, 2022.
             Slain by a gnoll
             ... wielding a +2 spear of venom
              (10 damage)
             ... on level 2 of the Dungeon on Oct 18, 2022.
             The game lasted 00:04:22 (930 turns).

Hubjo the Insei (Demonspawn Reaver)                  Turns: 930, Time: 00:04:22

Health: -4/29      AC:  3    Str: 12    XL:     3   Next: 98%
Magic:  6/6        EV: 11    Int: 14    God:
Gold:   62         SH:  0    Dex: 13    Spells: 5/6 levels left

rFire   . . .      SeeInvis .      - Unarmed
rCold   . . .      Faith    .    (no shield)
rNeg    . . .      Spirit   .    a - +0 leather armour
rPois   .          Reflect  .    (helmet restricted)
rElec   .          Harm     .    (no cloak)
rCorr   .          Rampage  .    (no gloves)
Will    .....                    (no boots)
Stlth   +.........               (no amulet)
HPRegen 0.24/turn                (no ring)
MPRegen 0.10/turn                (no ring)

@: mighty, lethally poisoned (-4 -> -12), flying
A: horns 1
a: no special abilities


You were on level 2 of the Dungeon.
You visited 1 branch of the dungeon, and saw 2 of its levels.

You collected 62 gold pieces.

Inventory:

Armour
 a - a +0 leather armour (worn)
Scrolls
 c - a scroll of torment


   Skills:
 * Level 3.1 Fighting
 - Level 1.7 Dodging
 + Level 1.4 Stealth
 + Level 3.1 Unarmed Combat
 + Level 2.4 Spellcasting
 - Level 3.0 Conjurations


You had 5 spell levels left.
You knew the following spells:

 Your Spells              Type           Power      Damage    Failure   Level
a - Kiss of Death         Conj/Necr      20%        2d7       16%         1

Your spell library contained the following spells:

 Spells                   Type           Power      Damage    Failure   Level
 Momentum Strike          Conj/Tloc      10%        3d8       24%         2
 Static Discharge         Conj/Air       10%        2-3/arc   24%         2
 Sublimation of Blood     Necr           1%         N/A       41%         2
 Wereblood                Tmut           1%         N/A       41%         2
 Hailstorm                Conj/Ice       5%         3d4       43%         3
 Vhi's Electric Charge    Tloc/Air       2%         N/A       65%         3
 Arcjolt                  Conj/Air       2%         1d12      99%         5
 Lightning Bolt           Conj/Air       2%         1d14      99%         5
 Summon Hydra             Summ           0%         N/A       100%        7


Dungeon Overview and Level Annotations

Branches:
Dungeon (2/15)

Altars:


Innate Abilities, Weirdness & Mutations

You have a pair of small horns on your head.


Message History

The gnoll shouts!
As you read the scroll labelled DUTZOE NACZOA, it crumbles to dust.
It is a scroll of brand weapon.
You aren't carrying any weapons that can be branded.
Blink to where?
Press: ? - help, Dir - move target
As you read the scroll labelled OGUHAY ACRE, it crumbles to dust.
It was a scroll of blinking.
It was a potion of might.
You feel very mighty all of a sudden.
It was a potion of curing.
You feel better.
It was a potion of flight.
You feel very buoyant.
You fly up into the air.
The gnoll hits you with a +0 spear.
You hit the gnoll.
The gnoll is heavily wounded.
The gnoll hits you from afar with a +2 spear of venom.
You are poisoned.
The gnoll closely misses you.
You barely miss the gnoll.
The gnoll is heavily wounded.
You feel sick. The gnoll closely misses you. The gnoll barely misses you.
You completely miss the gnoll.
The gnoll is heavily wounded.
You feel sick. The gnoll hits you with a +0 spear. The gnoll barely misses you.
You punch the gnoll!
You kill the gnoll!
You feel sick. The gnoll misses you.
You feel sick.
The gnoll hits you with a +2 spear of venom.
You are more poisoned.
The gnoll hits you from afar with a +0 spear.
You see here a +0 spear.
You punch the gnoll! Your headbutt misses the gnoll.
The gnoll is severely wounded.
* * * LOW HITPOINT WARNING * * *
You feel very sick.
The gnoll hits you with a +2 spear of venom!
You die...

#'##.......####.##....###########
..##........[....#........#
####........###..###..†...#######
...'........# ##...+......+......
####........# ##..#......##...##
# ########†# #...........+..... #
#.# #.##....)####...#. #.#
#.##......# #..... #.#
#@##.)....###....< #.#
#g#######....##### #.# #g#
#........†. ####+####g#
#.###.####. #.........#
...#......#. #.........#
######.##...#. #......g..#
#..<...###..#. #.........#
#.#.######).#. #.........# #
#.........#.


You could see 3 gnolls.

Vanquished Creatures
  2 adders (D:2)
  A gnoll (D:2)
  5 dart slugs
  3 endoplasms
  A giant cockroach (D:2)
  3 goblins
  3 jackals (D:1)
  2 ball pythons (D:2)
  4 bats
  2 kobolds
  6 rats
32 creatures vanquished.

Notes
Turn   | Place    | Note
-------+----------+-------------------------------------------
     0 | D:1      | Hubjo the Demonspawn Reaver began the quest for the Orb.
     0 | D:1      | Reached XP level 1. HP: 16/16 MP: 3/3
   131 | D:1      | Gained mutation: You have a pair of small horns on your
                  | head. [demonic ancestry]
   131 | D:1      | Reached XP level 2. HP: 21/23 MP: 5/5
   611 | D:2      | Reached skill level 1 in Stealth
   642 | D:2      | Reached XP level 3. HP: 28/28 MP: 6/6
   930 | D:2      | Slain by a gnoll

Illustrated notes

Levels and vault maps discovered:
D:1:      lemuel_arrival_behind_the_door_large, layout_rooms
D:2:      layout_basic

Skill      XL: |  1  2  3 |
---------------+----------+-----
Stealth        | 1 |  1.4
Unarmed Combat | 3 |  3.1
Fighting       | 3 |  3.1
Dodging        | |  1.7
Spellcasting   | |  2.4
Conjurations   | |  3.0

Action                   || total
-------------------------++-------
Melee: Unarmed           ||    95
       Punch             ||     2
       Headbutt          ||    15
  Use: Scroll            ||     3
       Potion            ||     3
 Stab: Sleeping          ||     2
Armor: Leather armour    ||    19
Dodge: Dodged            ||    70

Table legend: (Time is in decaauts)
 A = Elapsed time spent in this place.
 B = Non-inter-level travel time spent in this place.
 C = Inter-level travel time spent in this place.
 D = Time resting spent in this place.
 E = Time spent auto-exploring this place.
 F = Levels seen in this place.
 G = Mean time per level.
                   A        B        C        D        E       F      G
               +--------+--------+--------+--------+--------+-----+--------+
         Total |    925 |    915 |     10 |      0 |    676 |   2 |  462.5 |
       Dungeon |    925 |    915 |     10 |      0 |    676 |   2 |  462.5 |
               +--------+--------+--------+--------+--------+-----+--------+

Top non-repeatable levels by time:
     D:1: 467 daAuts
     D:2: 457 daAuts
